Workbook
Name \a: #REF!
Name \b: #REF!
Name \c: #REF!
Name _1: '[1]SEC. A'!#REF!
Name _1: '[2]SEC. A'!#REF!
Name _1: '[3]SEC. A'!#REF!
Name _1: '[2]SEC. A'!#REF!
Name _10: #REF!
Name _11: #REF!
Name _12: #REF!
Name _13: #REF!
Name _14: #REF!
Name _15: #REF!
Name _16: #REF!
Name _17: #REF!
Name _18: #REF!
Name _19: #REF!
Name _2: #REF!
Name _20: #REF!
Name _21: '[1]SEC. A'!#REF!
Name _21: '[2]SEC. A'!#REF!
Name _21: '[3]SEC. A'!#REF!
Name _21: '[2]SEC. A'!#REF!
Name _22: #REF!
Name _23: '[1]SEC. A'!#REF!
Name _23: '[2]SEC. A'!#REF!
Name _23: '[3]SEC. A'!#REF!
Name _23: '[2]SEC. A'!#REF!
Name _24: #REF!
Name _25: #REF!
Name _26: #REF!
Name _27: #REF!
Name _28: #REF!
Name _29: #REF!
Name _3: '[1]SEC. A'!#REF!
Name _3: '[2]SEC. A'!#REF!
Name _3: '[3]SEC. A'!#REF!
Name _3: '[2]SEC. A'!#REF!
Name _30: #REF!
Name _31: #REF!
Name _32: #REF!
Name _33: #REF!
Name _34: '[1]SEC. A'!#REF!
Name _34: '[2]SEC. A'!#REF!
Name _34: '[3]SEC. A'!#REF!
Name _34: '[2]SEC. A'!#REF!
Name _4: #REF!
Name _5: #REF!
Name _6: #REF!
Name _7: #REF!
Name _8: #REF!
Name _9: #REF!
Name manhours: [4]V!#REF!
Name manhours: [4]V!#REF!
Name manpower: [4]V!#REF!
Name manpower: [4]V!#REF!
Name Print_Area_MI: #REF!
Name Print_Area_MI: #REF!
Name sort: #REF!
Name sort1: #REF!

Sheet P&G
A1: SCHEDULE A: P&G
A3: ITEM | B3: DETAIL OF THE REPLACEMENT OF THE TAXIWAY GATE | C3: UNIT | D3: QTY | E3: Rate | F3: PRICE IN RANDS
A4: NO.
A5: 1 | B5: =MID(A1,10,50) -> A: P&G
A7: 1.1 | B7: Site Establishment
B8: P&G - Site Establishment | C8: ea | D8: 1
B9: P&G - Time Related - Commences at end of design phase, after mobilisation | C9: per month | D9: 10
B10: P&G - Fixed | C10: ea | D10: 1
B11: Permits - Provisional Amnout of R100 000 for: | C11: ea | D11: 1 | E11: 100000 | F11: =D11*E11 -> 100000
B12: Staff Airside Access
B13: Airside driver licence - allowance
B14: Airside vehicle permit and safety equipment - allowance
B15: Lifting and unloading equipment | C15: ea | D15: 1
B16: Provisional Sum for Geotechnical, Topographical and other specialist investigations - | C16: ea | D16: 1 | E16: 500000 | F16: =D16*E16 -> 500000
B17: Contractors charge in respect of Specialist consultants. | C17: % | D17: =E16 -> 500000
B18: Delivery to site | C18: ea | D18: 1
B19: P&G - Demobilisation | C19: ea | D19: 1 | F19: =D19*E19 -> 0
A21: =A5 -> 1 | B21: Total

Sheet Civil
A1: SCHEDULE B: CIVIL WORKS
A3: ITEM | B3: DETAIL OF THE REPLACEMENT OF THE TAXIWAY GATE | C3: UNIT | D3: QTY | E3: RATE (RANDS) | F3: PRICE IN RANDS
A4: NO.
A5: 2 | B5: =MID(A1,10,50) -> B: CIVIL WORKS
A7: =A5+0.1 -> 2.1 | B7: Design
B8: a) Concept Design
B9: i) Prepare Concept Design Report, submit for consideration including presenting the concept(s). | C9: ea | D9: 1
B10: b) Detail Design
B11: i) Prepare Design Report | C11: ea | D11: 1
B12: ii) Prepare Drawings | C12: ea | D12: 1
B13: iii) Prepare specifications | C13: ea | D13: 1
B14: iv) Submit for review and approval including presentation of the design. | C14: ea | D14: 1
A17: 2.2 | B17: Aircraft traffic accommodation - Temporary bypass access to the GA apron
B18: Remove fence, kerbing, bollards | C18: m | D18: 80
B19: Provide temporary pavement | C19: m2 | D19: =40*5 -> 200
B20: Remove temporary pavement | C20: m2 | D20: =40*5 -> 200
B21: Reinstate fence, kerbing, bollards, paint markings | C21: m | D21: 80
A24: =A17+0.1 -> 2.3 | B24: Preparation of Rail Foundations
B25: Supply reinforcement steel | C25: kg | D25: 3000
B26: Supply concrete | C26: m3 | D26: =75-D42 -> 55.2
B27: Formwork | C27: m2 | D27: 90
B28: Demolish & remove existing rail and pavement | C28: ea | D28: 1
B29: Construct foundations labour | C29: hr | D29: =5*8*5 -> 200
A33: =A24+0.1 -> 2.4 | B33: Installation of rails
B34: Supply rails 30kg/m | C34: kg | D34: =30*2*60 -> 3600
B35: Supply fixing plates and bolts | C35: ea | D35: 1
B36: Install rail | C36: hr | D36: =5*8*4 -> 160
B37: Adjust rails | C37: hr | D37: =4*8*3 -> 96
B38: Measure | C38: hr | D38: =2*8*2 -> 32
A41: =A33+0.1 -> 2.5 | B41: Restore taxiway and shoulder paving
B42: Supply concrete | C42: m3 | D42: =60*2.2*0.15 -> 19.8
B43: Restore taxiway pavement - labour | C43: hr | D43: =5*8*5 -> 200
B44: Restore paint marking - Retro-reflective paint applied at nominal rate of 0,42l/m2 | C44: m2 | D44: =(0.3*10)*5 -> 15
A47: =A41+0.1 -> 2.6 | B47: Restore paving and stormwater infrastructure outside of taxiway
B48: Supply concrete | C48: m3 | D48: 10
B49: Restore taxiway pavement - labour | C49: hr | D49: =5*8*4 -> 160
A52: 2 | B52: Total

Sheet Mech_T
A1: SCHEDULE C: MECHANICAL TROLLEY WORKS
A3: ITEM | B3: DETAIL OF THE REPLACEMENT OF THE TAXIWAY GATE | C3: UNIT | D3: QTY | E3: RATE (RANDS) | F3: PRICE IN RANDS
A4: NO.
A5: 3 | B5: =MID(A1,10,50) -> C: MECHANICAL TROLLEY WORKS
A7: =A5+0.1 -> 3.1 | B7: Design
B8: a) Concept Design
B9: i) Prepare Concept Design Report, submit for consideration including presenting the concept(s). | C9: ea | D9: 1
B10: b) Detail Design
B11: i) Prepare Design Report | C11: ea | D11: 1
B12: ii) Prepare Drawings | C12: ea | D12: 1
B13: iii) Prepare specifications | C13: ea | D13: 1
B14: iv) Submit for review and approval including presentation of the design. | C14: ea | D14: 1
A17: =A7+0.1 -> 3.2 | B17: Manufacture Trolley
B18: Manufacture Trolley Frame | C18: ea | D18: 9
B19: Galvanise Trolley Frame | C19: ea | D19: 9
B20: Procure Trolley bearings, wheel, axle | C20: ea | D20: 9
B21: Procure Fence (Clearview) | C21: ea | D21: 9
B22: Assemble Trolley | C22: ea | D22: 9
A25: =A17+0.1 -> 3.3 | B25: Mechancial Drive Misc
B26: Manual Operation Solution | C26: ea | D26: 1
A28: =A5 -> 3 | B28: Total | F28: =SUM(F17:F27) -> 0

Sheet Mech_D
A1: SCHEDULE D: MECHANICAL DRIVE SYSTEM
A3: ITEM | B3: DETAIL OF THE REPLACEMENT OF THE TAXIWAY GATE | C3: UNIT | D3: QTY | E3: RATE (RANDS) | F3: PRICE IN RANDS
A4: NO.
A5: 5 | B5: =MID(A1,10,50) -> D: MECHANICAL DRIVE SYSTEM
A7: =A5+0.1 -> 5.1 | B7: Design
B8: a) Concept Design
B9: i) Prepare Concept Design Report, submit for consideration including presenting the concept(s). | C9: ea | D9: 1
B10: b) Detail Design
B11: i) Prepare Design Report | C11: ea | D11: 1
B12: ii) Prepare Drawings | C12: ea | D12: 1
B13: iii) Prepare specifications | C13: ea | D13: 1
B14: iv) Submit for review and approval including presentation of the design. | C14: ea | D14: 1
A17: =A7+0.1 -> 5.2 | B17: Manufacture Mechanical Drive System
B18: Manufacture Drive System Frame | C18: ea | D18: 1
B19: Procure Motor | C19: ea | D19: 1
B20: Procure Gearbox | C20: ea | D20: 1
B21: Procure Brake with manual release | C21: ea | D21: 1
B22: Procure chain, sprockets, attachment and tensioner | C22: ea | D22: 1
B23: Galvanise / Paint Trolley Frame | C23: ea | D23: 1
B24: Assemble Drive System | C24: ea | D24: 1
B25: Test Drive System | C25: ea | D25: 1
A29: =A17+0.1 -> 5.3 | B29: Mechancial Drive Misc
B30: Manual Operation Solution | C30: ea | D30: 1
A32: =A5 -> 5 | B32: Total | F32: =SUM(F17:F31) -> 0

Sheet Elec
A1: SCHEDULE E: ELECTRICAL GMCC
A3: ITEM | B3: DETAIL OF THE REPLACEMENT OF THE TAXIWAY GATE | C3: UNIT | D3: QTY | E3: RATE (RANDS) | F3: PRICE IN RANDS
A4: NO.
A5: 4 | B5: =MID(A1,10,50) -> E: ELECTRICAL GMCC
A7: =A5+0.1 -> 4.1 | B7: Design
B8: a) Concept Design
B9: i) Prepare Concept Design Report, submit for consideration including presenting the concept(s). | C9: ea | D9: 1
B10: b) Detail Design
B11: i) Prepare Design Report | C11: ea | D11: 1
B12: ii) Prepare Drawings | C12: ea | D12: 1
B13: iii) Prepare specifications | C13: ea | D13: 1
B14: iv) Submit for review and approval including presentation of the design. | C14: ea | D14: 1
A17: =A7+0.1 -> 4.2 | B17: Manufacture GMCC
B18: Manufacture Cabinet | C18: ea | D18: 1
B19: Procure Switchgear | C19: ea | D19: 1
B20: Procure Variable Speed Drive Components | C20: ea | D20: 1
B21: Procure UPS | C21: ea | D21: 1
B22: Procure labels | C22: ea | D22: 1
B23: Assemble GMCC | C23: ea | D23: 1
B24: Test GMCC - Factory | C24: ea | D24: 1
B25: Install GMCC on site | C25: ea | D25: 1
B26: Test GMCC - Site | C26: ea | D26: 1
A29: =A17+0.1 -> 4.3 | B29: Electrical Misc
B30: Earth Resistivity measurement | C30: ea | D30: 1
B31: Lightning protection design and specification | C31: ea | D31: 1
B32: Certificate of compliance that installation has been completed in accordance with deisgn and specification | C32: ea | D32: 1
B33: Manual Operation Solution | C33: ea | D33: 1
A36: =A5 -> 4 | B36: Total | F36: =SUM(F17:F35) -> 0

Sheet PLC
A1: SCHEDULE F: PLC, SENSORS, INSTRUMENTATION
A3: ITEM | B3: DETAIL OF THE REPLACEMENT OF THE TAXIWAY GATE | C3: UNIT | D3: QTY | E3: RATE (RANDS) | F3: PRICE IN RANDS
A4: NO.
A5: 5 | B5: =MID(A1,10,50) -> F: PLC, SENSORS, INSTRUMENTATION
A7: =A5+0.1 -> 5.1 | B7: Design
B8: a) Concept Design
B9: i) Prepare Concept Design Report, submit for consideration including presenting the concept(s). | C9: ea | D9: 1
B10: b) Detail Design
B11: i) Prepare Design Report | C11: ea | D11: 1
B12: ii) Prepare Drawings | C12: ea | D12: 1
B13: iii) Prepare specifications | C13: ea | D13: 1
B14: iv) Write PLC Program | C14: ea
B15: v) Submit for review and approval including presentation of the design. | C15: ea | D15: 1
A18: =A7+0.1 -> 5.2 | B18: Procure Sensors and Lamps
B19: Procure PLC, GUI | C19: ea | D19: 1
B20: Procure remote panel with switches and buttons | C20: ea | D20: 1
B21: Procure Cables, connectors, switches, buttons, emergency stop | C21: ea | D21: 1
B22: Procure Curtain sensor | C22: pair | D22: 1
B23: Procure Beam sensors | C23: pair | D23: 6
B24: Procure gate position and limit sensors | C24: ea | D24: 6
B25: Procure motor speed and position sensors | C25: ea | D25: 1
B26: Procure Siren | C26: ea | D26: 1
B27: Procure Flashing (rotating) light | C27: ea | D27: 2
B28: Procure Low-intensity obstacle light (with solar panel and battery) | C28: ea | D28: 2
B29: Procure Traffic Lights (Robot) | C29: ea | D29: 4
B30: Procure area flood light | C30: ea | D30: 2
... B33: Other | C33: ea | D33: 1
A36: =A18+0.1 -> 5.3 | B36: Manufacture and Install GMCC
B37: Manufacture Cabinet | C37: ea | D37: 1
B38: Assemble PLC in GMCC | C38: ea | D38: 1
B39: Test GMCC PLC and Sensors - Factory | C39: ea | D39: 1
B40: Install GMCC PLC on site | C40: ea | D40: 1
B41: Install Sensors and cables - Site | C41: ea | D41: 1
B42: Install Remote Panel - Site | C42: ea | D42: 1
B43: Test GMCC PLC and Sensors - Site | C43: ea | D43: 1
B44: Test GMMC | C44: ea | D44: 1
A47: =A36+0.1 -> 5.4 | B47: PLC Misc
B48: Manual Operation Solution | C48: ea | D48: 1
A50: =A5 -> 5 | B50: Total | F50: =SUM(F36:F49) -> 0

Sheet Com
A1: SCHEDULE G: COMMISSION
A3: ITEM | B3: DETAIL OF THE REPLACEMENT OF THE TAXIWAY GATE | C3: UNIT | D3: QTY | E3: RATE (RANDS) | F3: PRICE IN RANDS
A4: NO.
A5: 6 | B5: =MID(A1,10,50) -> G: COMMISSION
A7: =A5+0.1 -> 6.1 | B7: Commissioning Effort
B8: Prepare Commissioning Plan | C8: ea | D8: 1
B9: Prepare Acceptance Test Procedure and Result Sheets | C9: ea | D9: 1
B10: Commissioning Effort | C10: ea | D10: 1
B11: Acceptance Testing | C11: ea | D11: 1
A14: =A7+0.1 -> 6.2 | B14: Labelling and Signage
B15: Prepare Labelling and Signage Plan | C15: ea | D15: 1
B16: Procure Labels and Signage | C16: ea | D16: 1
A19: =A14+0.1 -> 6.3 | B19: Commissioning Misc
B20: Miscellaneous Costs for Commissioning, this includes a complete operational trial, reinstate the work area and return the gate to service. | C20: ea | D20: 1
A25: =A5 -> 6 | B25: Total | F25: =SUM(F19:F24) -> 0

Sheet As-Built
A1: SCHEDULE H: AS-BUILT AND CLOSE-OUT
A3: ITEM | B3: DETAIL OF THE REPLACEMENT OF THE TAXIWAY GATE | C3: UNIT | D3: QTY | E3: RATE (RANDS) | F3: PRICE IN RANDS
A4: NO.
A5: 6 | B5: =MID(A1,10,50) -> H: AS-BUILT AND CLOSE-OUT
A7: =A5+0.1 -> 6.1 | B7: As-Built Documents
B8: Prepare as-built drawings | C8: ea | D8: 1
B9: Prepare Close-out report | C9: ea | D9: 1
B10: Prepare as-supplied specifications | C10: ea | D10: 1
B11: Prepare certificates (CoC) | C11: ea | D11: 1
B12: Issue As-Built and Close-out Docs | C12: ea | D12: 1
A15: =A7+0.1 -> 6.2 | B15: Operator and Maintenance Manuals
B16: Operator manual | C16: ea | D16: 1
B17: Maintenance manual | C17: ea | D17: 1
B18: Operator training aids | C18: ea | D18: 1
B19: Maintenance staff training aids | C19: ea | D19: 1
A22: =A15+0.1 -> 6.3 | B22: Training
B23: Operators | C23: ea | D23: 1
B24: Maintenance staff | C24: ea | D24: 1
A27: =A22+0.1 -> 6.4 | B27: Spare Parts
B28: Provision for spare parts - Trolley | C28: ea | D28: 1
B29: Provision for spare parts - Mechanical Drive | C29: ea | D29: 1
B30: Provision for spare parts - GMCC | C30: ea | D30: 1
B31: Provision for spare parts - PLC, Sensor | C31: ea | D31: 1
B32: Client Engineer shall select spare parts from costed list supplied by Contractor to the value of this provision.
A34: =A5 -> 6 | B34: Total | F34: =SUM(F15:F33) -> 0

Sheet Summary
B3: CAPE TOWN INTERNATIONAL AIRPORT
B5: HOTEL TAXIWAY GATE UPGRADE
B7: ELECTROMECHANICAL, CONCRETE AND CIVIL WORKS
B9: TENDER REFERENCE NO. CTIA 8255/2026/RFP
B11: SCHEDULE OF QUANTITIES
B13: SUMMARY
B15: ='P&G'!A1 -> SCHEDULE A: P&G | F15: R | G15: ='P&G'!F21 -> 0
B17: =Civil!A1 -> SCHEDULE B: CIVIL WORKS | F17: R | G17: =Civil!F52 -> 0
B19: =Mech_T!A1 -> SCHEDULE C: MECHANICAL TROLLEY WORKS | F19: R | G19: =Mech_T!E28 -> 0
B21: =Mech_D!A1 -> SCHEDULE D: MECHANICAL DRIVE SYSTEM | F21: R | G21: =Mech_D!E32 -> 0
B23: =Elec!A1 -> SCHEDULE E: ELECTRICAL GMCC | F23: R | G23: =Elec!E36 -> 0
B25: =PLC!A1 -> SCHEDULE F: PLC, SENSORS, INSTRUMENTATION | F25: R | G25: =PLC!E50 -> 0
B27: =Com!A1 -> SCHEDULE G: COMMISSION | F27: R | G27: =Com!E25 -> 0
B29: ='As-Built'!A1 -> SCHEDULE H: AS-BUILT AND CLOSE-OUT | F29: R | G29: ='As-Built'!E34 -> 0
E32: TOTAL TENDER PRICE EXCLUDING VAT | F32: R | G32: =SUM(G15:G31) -> 0
E35: 15% VAT | F35: R | G35: =G32*0.15 -> 0
E38: TOTAL TENDER PRICE INCLUDING VAT | F38: R | G38: =G32+G35 -> 0
B41: NOTE:
B42: The Total Tender Price must be carried over and included in the NEC3 ECC, C1.1.
B50: DATE | D50: SIGNATURE OF TENDERER

Sheet Section A
A1: SCHEDULE A: ELECTROMECHANICAL WORKS
A3: ITEM | B3: DETAIL OF THE MODERNISATION AND UPGRADE OF THE TAXIWAY GATE INSTALLATION | C3: PRICE IN RANDS | D3: PRICE IN RANDS | E3: REMARKS
A4: NO.
A5: 2 | B5: NEW MAIN DRIVE UNIT AND ACCESSORIES | C5: ORIGINAL OFFER | D5: ALTERNATIVE OFFER | E5: CA DU TOIT ESTIMATES
A7: 2.1 | B7: Main drive unit which must include the following components: | C7: 640320 | D7: 558594 | E7: 349500
B9: 18 kW main drive electrical motor
B11: Specially manufactured coupling between the electrical motor and the gearbox input shaft, complete with drive sprocket to engage with the tower structure drive unit for manual operation of the gate drive system.
B13: Main straight reduction gearbox
B15: Main geared flanged coupling between the output shaft of the gearbox and the main drive shaft.
B17: Main output shaft including two pedestal bearings.
B19: Main drive sprocket fitted to the main output shaft.
B21: Two idler sprockets mounted on the vertical steel frame section of the steel base frame.
B23: Main drive hauling chain complete with two adjustable anchors at the front and rear end of the gate.
A25: 2.2 | B25: Steel support frame for the complete drive unit. | C25: INCLUDED | D25: 244800 | E25: 60000
B27: Main steel support frame for mounting all the items as included at Item 2.1 of this price schedule completely finished and galvanised.
A29: 2.3 | B29: Complete tower structure which must include the following: | C29: 122850 | D29: 66600 | E29: 38000
B31: Steel structure to enclose the individual mounted components.
B33: Primary bevel type gearbox .mounted in the tower structure.
B35: Complete removable handle to operate the input shaft of the bevel gearbox.
B37: Primary drive shaft with sprocket and chain linked to the secondary drive shaft, both shafts complete with flanged type bearings and bearing mountings.
B39: Supply and testing of the battery driven drilling machine, complete with suitable fitting chuck and battery charger
A41: ITEM | B41: DETAIL OF THE MODERNISATION AND UPGRADE OF THE TAXIWAY GATE INSTALLATION | C41: PRICE IN RANDS | E41: REMARKS
A42: NO.
A44: 2.4 | B44: Battery driven drilling machine | C44: 7875 | D44: 10584 | E44: 6000
B45: Supply and testing of the battery driven drilling machine, complete with suitable fitting chuck and battery charger
C46: 22863.75 | D46: 43416 | E46: 16000
A47: 2.5 | B47: Securing the steel machine frame
B48: Mounting of the complete drive unit on the concrete base adjacent to the taxiway gate, and securing this to the concrete base by means of the anchor bolts and nuts.
A50: 2.6 | B50: Painting of the drive components. | C50: 7875 | D50: 8424 | E50: 4000
B51: Painting of all the drive components included with this Item 2 of the equipment to be supplied and installed.
B53: Before dispatch from the factory the primary coat of the components must be completed
B54: SUBTOTAL FOR ITEM 2 | C54: =C7+C29+C44+C46+C50 -> 801783.75 | D54: 932418 | E54: =SUM(E7:E50) -> 473500
A78: ITEM | B78: DETAIL OF THE MODERNISATION AND UPGRADE OF THE TAXIWAY GATE INSTALLATION | C78: PRICE IN RANDS | E78: REMARKS
A79: NO.
A80: 3 | B80: REFURBISHING AND UPGRADING OF THE EXISTING GATE
A82: 3.1 | B82: Primary refurbishment and upgrading of the gate to include the following: | C82: 52211.25 | D82: 498870 | E82: 245000
B84: Removal of the existing electrical drive motor gearbox and hauling chain.
B86: Removal of the existing flexible electrical cable link and flexible chain enclosure.
B88: Removal of the existing cover plates secured to the lower rectangular profile frame of the gate and used to cover the existing hauling drive chain.
B90: Removal of the existing two support wheels of each gate panel, complete with bearings and frame support.
B92: Removal of the existing side support wheels,
B94: Inspection of all steel components. Where any damage is observed, this needs to be rectified and repaired
B96: Inspection of all steel components of each gate panel, and recording all areas where corrosion has been prevalent.
B98: Main drive hauling chain complete with two adjustable anchors at the front and rear end of the gate.
B100: All these areas must be thoroughly brushed and cleaned to remove all scores of corrosion,
B102: All damaged areas of the steelwork of each gate panel must be diligently recorded for reference control of the potential upgrade. Record this in m2.
A104: 3.2 | B104: Refurbishment and upgrading of the gate to include the following: | C104: 449820 | D104: 929250 | E104: 398000
B106: Manufacture of the new recess to receive the new support wheel boxes (two for each gate panel) as per the detail shown on the drawings.
B108: Installation of the new additional side support frames and support framework to mount the new side support wheels of each gate panel (Four wheels per gate panel).
B110: Installation and securing of the new inverted channel section to receive the drive chain as part of the drive system of the gate.
B112: Installation of the coupling brackets between die gate panels to be linked in tandem.
B114: The corroded areas must be re-painted with a corrosion inhibiting paint.
A115: part of 3.2 | B115: For Tendering purpose allow for a total surface area of 30 m2 to be re-painted as per the specification.
B117: All damaged areas must be re-painted with a suitable primer paint. Where corroded areas exist , the first coat application must be a corrosion inhibiting paint.
B118: For Tendering purpose allow for a total surface area of 15 m2 to be re-painted as per the specification.
A120: 3.3 | B120: Final coat of paint | C120: 29250 | D120: 135000 | E120: 20000
B122: Once all work as recorded in Items 3.1 and 3.2 has been completed the total gate framework must be painted with two final coats of paint in the red and white colour as per the original configuration.
B124: The boss section of each support wheel and the side support wheels of each gate panel shall be painted in the orange colour,(Specification Part 4)
B125: SUBTOTAL FOR ITEM 3 | C125: =SUM(C82:C124) -> 531281.25 | D125: =SUM(D82:D124) -> 1563120 | E125: =SUM(E82:E120) -> 663000
A127: ITEM | B127: DETAIL OF THE MODERNISATION AND UPGRADE OF THE TAXIWAY GATE INSTALLATION | C127: PRICE IN RANDS | E127: REMARKS
A128: NO.
A129: 4 | B129: REFURBISHING AND UPGRADING OF THE EXISTING PERIMETER FENCE SECTIONS ADJOINING THE TAXIWAY GATE
A131: 4.1 | B131: Removal and repair and upgrade of the fence sections adjoining the gate | C131: 5250 | D131: 7000 | E131: 6000
B133: The existing palisade fence sections on both side of the taxiway must be extended to a minimum gap opening of 100 mm between the fence and the moving gate panels on the air side of the taxiway gate.
B135: The extended sections of the fence on both sides of the taxiway must be cleaned and treated with the paint finish as specified for the steelwork of the gate panels.,
B137: On the top of the palisade fence the fence must be provided with the spiral loops of razor cut loops of galvanised wire as the existing, and securely attached to the palisade fence as per the existing loops of wire.
A139: 4.2 | B139: Spiral wire loops | C139: 3750 | D139: 5000 | E139: 4500
B141: On the top of the palisade fence the fence must be provided with the spiral loops of razor cut loops of galvanised wire as the existing, and securely attached to the palisade fence as per the existing loops of wire.
B142: SUBTOTAL FOR ITEM 4 | C142: =SUM(C131:C141) -> 9000 | D142: =SUM(D131:D141) -> 12000 | E142: =SUM(E131:E139) -> 10500
A144: 5 | B144: GUIDE FRAMES AND GUIDE WHEELS TO BE INSTALLED AT THE NORTHERN SIDE OPEN POSITION OF THE GATE
A146: 5.1 | B146: Guide frames of the gate | C146: 233032.8 | D146: 139500 | E146: 96000
B148: Installation of the eight guide frames at the northern side of the taxiway gate to guide the gate when moving to the open position. The installation shall include the anchor bolts to be installed to secure the guide frames to the new concrete base. The frames must be galvanised.
A150: 5.2 | B150: Guide wheels of the gate | C150: INCLUDED | D150: 51450 | E150: 45000
B152: Installation of the sixteen complete clamping steel brackets, guide wheels and clamping bolts and nuts for securing the guide wheels to the guide frames as per the detail shown on the drawings.
A156: ITEM | B156: DETAIL OF THE MODERNISATION AND UPGRADE OF THE TAXIWAY GATE INSTALLATION | C156: PRICE IN RANDS | E156: REMARKS
A157: 5.3 | B157: Final coat of paint | C157: 26520 | D157: 24000 | E157: 12000
B159: Once all work as recorded in Items 5.1 and 5.2 has been completed the total steel framework must be painted with two final coats of paint.
B160: SUBTOTAL FOR ITEM 5 | C160: =C146+C157 -> 259552.8 | D160: 214950 | E160: =SUM(E146:E157) -> 153000
A162: 6 | B162: GUIDE FRAMES AND GUIDE WHEELS TO BE INSTALLED AT THE SOUTHERN SIDE CLOSED POSITION OF THE GATE
A164: 6.1 | B164: Guide frames of the gate | C164: 58258.2 | D164: 34950 | E164: 43500
B166: Installation of the Two guide frames at the southern side of the taxiway gate to guide the gate when moving to the closed position. The installation shall include the anchor bolts to be installed to secure the guide frames to the new concrete base.
A168: 6.2 | B168: Guide wheels of the gate | C168: INCLUDED | D168: 12900 | E168: 12000
B170: Installation of the four complete clamping steel brackets, guide wheels and clamping bolts and nuts for securing the guide wheels to the guide frames as per the detail shown on the drawings.
A172: 6.3 | B172: Final coat of paint | C172: 6630 | D172: 9000 | E172: 7500
B174: Once all work as recorded in Items 5.1 and 5.2 has been completed the total steel framework must be painted with two final coats of paint.
B175: SUBTOTAL FOR ITEM 6 | C175: =SUM(C164:C174) -> 64888.2 | D175: =SUM(D164:D174) -> 56850 | E175: =SUM(E164:E172) -> 63000
A177: 7 | B177: STOP BLOCKS AT THE EXTREME OPEN AND CLOSED POSITION OF THE GATE
A179: 7.1 | B179: Stop blocks | C179: 10725 | D179: 40500 | E179: 12000
B181: Installation of the two stop blocks including the buffers, at the open and closed position of the gate, anchored by the bolts and nuts to the concrete base as per the detail shown on the drawings. The steelwork must be galvanised.
A183: 7.2 | B183: Final coat of paint | C183: 3315 | D183: 3000 | E183: 1000
B185: Once all work as recorded in Items 7.1 has been completed the total steel framework must be painted with two final coats of paint.
B186: SUBTOTAL FOR ITEM 7 | C186: =SUM(C179:C185) -> 14040 | D186: =SUM(D179:D185) -> 43500 | E186: =SUM(E179:E183) -> 13000
A190: ITEM | B190: DETAIL OF THE MODERNISATION AND UPGRADE OF THE TAXIWAY GATE INSTALLATION | C190: PRICE IN RANDS | E190: REMARKS
A191: 8 | B191: NEW MASTS FOR MOUNTING THE SINGLE BEAM OBSTRUCTION SENSORS
A193: 8.1 | B193: Masts for the single beam sensors | C193: 25740 | D193: 48000 | E193: 9000
B195: Installation of the four masts, at the open and closed position of the gate, anchored by the bolts and nuts to the concrete base as per the detail shown on the drawings. The steelwork must be galvanised.
A197: 8.2 | B197: Final coat of paint | C197: 3315 | D197: 7200 | E197: 1000
B199: Once all work as recorded in Items 8.1 has been completed the total steel framework must be painted with two final coats of paint.
B200: SUBTOTAL FOR ITEM 8 | C200: =SUM(C193:C199) -> 29055 | D200: =SUM(D193:D199) -> 55200 | E200: =SUM(E193:E197) -> 10000
A202: 9 | B202: ELECTRICAL AND ELECTRONIC CONTROL SYSTEM OF THE GATE
...

Sheet Section C
B1: SCHEDULE C - CIVIL WORKS
B2: Item | C2: Payment Reference | D2: Description | E2: Unit | F2: Qty | G2: Rate (R) | H2: Amount (R)
D4: PORTION - A
B5: 1 | C5: SANS | D5: SCHEDULE: 1
C6: 1220 C | D6: SITE CLEARANCE
C7: PSC
C9: 8.2.10 | D9: REMOVE TOPSOIL
D11: a) Remove topsoil to depth of 100mm and
B13: 1.2 | D13: .1 Stockpile on site and maintain | E13: m3 | F13: 100 | G13: 270 | H13: =G13*F13 -> 27000
C15: SANS | D15: FINISHING , TOPSOILING AND GRASSING
C16: 1220 D
C17: 8.3.10 | D17: .1 topsoiling with materials from stockpiles on site
B19: 1.3 | D19: a) Spread on the road verges | E19: m3 | F19: 68 | G19: 225 | H19: =G19*F19 -> 15300
B21: 1.4 | D21: b) Spread on side of stormwater channel | E21: m3 | F21: 32 | G21: 262.5 | H21: =G21*F21 -> 8400
D59: SCHEDULE: 1
D60: SITE CLEARANCE
D62: Carried Forward To Summary Of Schedules | G62: Total | H62: =SUM(H13:H21) -> 50700
B63: Item | C63: Payment Reference | D63: Description | E63: Unit | F63: Qty | G63: Rate (R) | H63: Amount (R)
D65: PORTION - B
B66: 2 | C66: SANS | D66: SCHEDULE: 2
C67: 1200 D | D67: BULK EARTHWORKS
D69: CUT TO SPOIL
B71: 2.1 | C71: 8.3.2 | D71: .1 Cut to spoil | E71: m³ | F71: 10 | G71: 750 | H71: =G71*F71 -> 7500
B73: 2.2 | D73: .2 Cut to form grass channel | E73: m³ | F73: 32 | G73: 450 | H73: =G73*F73 -> 14400
D122: SCHEDULE: 2
D123: EARTHWORKS (ROADS, SUBGRADE)
D125: Carried Forward To Summary Of Schedules | G125: Total | H125: =SUM(H71:H73) -> 21900
B126: Item | C126: Payment Reference | D126: Description | E126: Unit | F126: Qty | G126: Rate (R) | H126: Amount (R)
D128: PORTION - C
B129: 3 | C129: SANS | D129: SCHEDULE: 3
C130: 1200 MH | D130: ASPHALT BASE AND SURFACING
D132: SUNDRIES
D134: Saw-cutting of asphalt base
B136: 3.1 | D136: Existing road layerworks up to 450mm depth | E136: m | F136: 40 | G136: 90 | H136: =G136*F136 -> 3600
D138: REINSTATEMENT JOINT
D140: New construction joint to reinstate after placing concrete beam Dwg 2383.00.ZA.03.D001
B142: 3.2 | D142: a) After sawcut and removal, prime with a..b.e Epidermix 345 | E142: m | F142: 40 | G142: 525 | H142: =G142*F142 -> 21000
B144: 3.3 | D144: b) Fill the cavity with quick setting a.b.e Dura Dura. Rep QS | E144: m | F144: 40 | G144: 825 | H144: =G144*F144 -> 33000
B146: 3.4 | D146: c) Sawcut and insert "seal" | E146: m | F146: 40 | G146: 645 | H146: =G146*F146 -> 25800
B148: 3.5 | D148: d) Fill the cavity to just below surface with a.b.e DC 888 | E148: m | F148: 40 | G148: 825 | H148: =G148*F148 -> 33000
D181: SCHEDULE: 3
D182: ASPHALT BASE AND SURFACING
D184: Carried Forward To Summary Of Schedules | G184: Total | H184: =SUM(H136:H148) -> 116400
B185: Item | C185: Payment Reference | D185: Description | E185: Unit | F185: Qty | G185: Rate (R) | H185: Amount (R)
D187: PORTION D
B188: 4 | C188: SANS | D188: SCHEDULE: 4
C189: 1200 MM | D189: ANCILLARY ROADWORKS
C190: PSMM
D192: TRAFFIC SIGNS MEASURED IN NUMBERS
D194: ROAD MARKING
D196: Retro-reflective paint applied at nominal rate of 0,42l/m2
C198: 8.4.1 | D198: a) Yellow lines (broken or unbroken)
B200: 4.1 | D200: .1 100mm lines | E200: m | F200: 20 | G200: 15 | H200: =G200*F200 -> 300
B202: 4.2 | D202: .2 300mm lines | E202: m | F202: 36 | G202: 45 | H202: =G202*F202 -> 1620
D206: VARIATIONS
C208: 8.4.2 | D208: Variations in a rate of application from that stated in item 8.4.1
B210: 4.3 | D210: Yellow paint | E210: liter | F210: 10 | G210: 67.5 | H210: =G210*F210 -> 675
D212: SETTING OUT
D214: Setting out and premarking
C216: 8.4.4 | D216: Lines (excluding traffic island, symbols, etc.)
D218: Lines | E218: m | F218: 56 | G218: 15 | H218: =G218*F218 -> 840
D242: SCHEDULE: 4
B243: 4.4 | D243: ANCILLARY ROADWORKS
D245: Carried Forward To Summary Of Schedules | G245: Total | H245: =SUM(H200:H218) -> 3435
B246: Item | C246: Payment Reference | D246: Description | E246: Unit | F246: Qty | G246: Rate (R) | H246: Amount (R)
D248: PORTION - E
B249: 5 | C249: SANS | D249: SCHEDULE: 5
C250: 1200 LE | D250: STORMWATER DRAINAGE
D252: APRON GRASSBLOCK TRANSITION OUTLET
B254: 5.1 | D254: Construct grassblock apron to tie and match existing outlet (1.8m x 2.0m) | E254: no | F254: 1 | G254: 7500 | H254: =G254*F254 -> 7500
D301: SCHEDULE: 5
D302: EARTHWORKS
D304: Carried Forward To Summary Of Schedules | G304: Total | H304: =H254 -> 7500
D306: TOTAL FOR SCHEDULE 1 TO SCHEDULE 5 (TOTAL TENDERED PRICE FOR CIVIL WORKS) | G306: =H62+H125+H184+H245+H304 -> 199935

Sheet Civils
B1: SCHEDULE B: CONCRETE WORKS
B2: ITEM | C2: PAYMENT REFERENCE | D2: DESCRIPTION | E2: UNIT | F2: QTY | G2: RATE | H2: AMOUNT
C3: 2001-CC1 | D3: SECTION 2001-CC1: CONCRETE WORKS STRUCTURAL
B5: 1 | C5: 4.2.5.1 | D5: High tensile reinforcement (450 MPa) to be used. Including delivery and fixing. | E5: kg | F5: 3050 | G5: 43.13 | H5: =G5*F5 -> 131546.5
B7: 2 | C7: 4.2.6 | D7: 30 Map with 19mm aggregate concrete to be used for:
D8: 500x400dp taxiway beam | E8: m3 | F8: 5 | G8: 4875 | H8: =G8*F8 -> 24375
D9: 400x400dp beam | E9: m3 | F9: 16 | G9: 4875 | H9: =G9*F9 -> 78000
D10: 150mm thick slab | E10: m3 | F10: 26 | G10: 4875 | H10: =G10*F10 -> 126750
D11: 500dp bases for gate guide stands | E11: m3 | F11: 2 | G11: 4875 | H11: =G11*F11 -> 9750
D12: Drive assembly base and concrete working platform | E12: m3 | F12: 3 | G12: 4875 | H12: =G12*F12 -> 14625
B14: 3 | C14: 4.2.6 | D14: 15MPa concrete to be used for 50mm blinding | E14: m3 | F14: 13 | G14: 3234.38 | H14: =G14*F14 -> 42046.94
B16: 4 | C16: 4.3.1.8 | D16: The formed surfaces to the sides of the beam shall be as follows: Smooth (Table 1) with degree of accuracy II | E16: m2 | F16: 85 | G16: 1207.5 | H16: =G16*F16 -> 102637.5
B18: 5 | C18: 4.5.1 | D18: Fixtures to be embedded in the concrete shall be as follows:
D19: 30kg/m Rail | E19: kg | F19: 3350 | G19: 29.25 | H19: =G19*F19 -> 97987.5
D20: Rail Support Stools: | H20: =G20*F20 -> 0
D21: i) 300x300x6mm thick studded base plate secured to blinding by nail plugs | E21: no. | F21: 43 | G21: 126.36 | H21: =G21*F21 -> 5433.48
D22: ii) Four 40mm long nail plugs | E22: no. | F22: 172 | G22: 19.5 | H22: =G22*F22 -> 3354
D23: iii) Two 315mm long M16 threaded rods welded to base plate | E23: no. | F23: 86 | G23: 460.7 | H23: =G23*F23 -> 39620.2
D24: iv) 230x230x8mm thick plate welded to rail | E24: no. | F24: 43 | G24: 99.03 | H24: =G24*F24 -> 4258.29
B26: 6 | D26: Excavations for new beam structure | E26: m3 | F26: 55 | G26: 319.1 | H26: =G26*F26 -> 17550.5
B28: 7 | D28: Demolish and cart away of existing beam structure | E28: m3 | F28: 40 | G28: 4558.32 | H28: =G28*F28 -> 182332.8
D30: TOTAL TENDERED PRICE FOR CONCRETE WORKS | H30: =SUM(H5:H29) -> 880267.71
